 Dungeon Crawl Stone Soup version bcrawl-1.21.2-20-g6d45ba5942 (webtiles) character file.

Game seed: 9286044251437831891

88 BeastOfSaturn the Grasshopper (level 4, -1/26 HPs)
             Began as a Vine Stalker Warper on Feb 29, 2020.
             Slain by an orc wizard
             ... wielding a +0 dagger
              (4 damage)
             ... on level 2 of the Dungeon.
             The game lasted 00:05:46 (1968 turns).

BeastOfSaturn the Grasshopper (Vine Stalker Warper) Turns: 1968, Time: 00:05:46

Health: -1/26      AC:  6    Str: 13    XL:     4   Next: 53%
Magic:  6/6        EV: 11    Int: 13    God:
Gold:   231        SH:  0    Dex: 15    Spells: 2/5 levels left

rFire    . . .     SeeInvis .   j - +0 short sword
rCold    . . .     Gourm    .   (no shield)
rNeg     . . .     Faith    .   c - +0 ring mail
rPois    .         Spirit   .   w - +0 helmet
rElec    .         Reflect  .   (no cloak)
rCorr    .         Harm     .   (no gloves)
MR       .....                  (no boots)
Stlth    ..........             (no amulet)
HPRegen  0.48/turn              (no ring)
MPRegen  0.10/turn              (no ring)

@: confused
A: fangs 2, regeneration 1, no potion heal 3, rot immunity, strong jaws
a: no special abilities


You were on level 2 of the Dungeon.
You were not hungry.

You visited 1 branch of the dungeon, and saw 3 of its levels.

You collected 231 gold pieces.

Inventory:

Hand Weapons
 a - a +0 dagger
 j - a +0 short sword (weapon)
Missiles
 f - 2 throwing nets {!f}
 g - 191 javelins (quivered)
Armour
 b - a +0 robe
 c - a +0 ring mail (worn)
 w - a +0 helmet (worn)
Scrolls
 d - 2 scrolls of blinking
 i - 4 scrolls of enchant weapon {unknown}
 l - 7 scrolls of identify {unknown}
 n - 2 scrolls of remove curse {unknown}
 q - a scroll of enchant armour {unknown}
 r - a scroll of immolation {unknown}
 u - a scroll of teleportation {unknown}
Potions
 h - a potion of agility {unknown}
 k - a potion of mutation {unknown}
 m - a potion of invisibility {unknown}
 o - a potion of heal wounds {unknown}
 p - a potion of berserk rage {unknown}
 s - a potion of haste {unknown}
 t - a potion of lignification {unknown}
 v - a potion of degeneration {unknown}
Comestibles
 e - 5 rations {!d}


   Skills:
 - Level 2.0 Fighting
 * Level 1.1 Short Blades
 + Level 2.3 Throwing
 + Level 0.7 Armour
 + Level 2.3 Dodging
 * Level 1.9 Stealth
 - Level 1.1 Spellcasting
 * Level 3.7 Translocations


You had 2 spell levels left.
You knew the following spells:

 Your Spells              Type           Power        Failure   Level  Hunger
a - Blink Other           Tloc           ##....       13%         1    ##.....
b - Blink                 Tloc           N/A          21%         2    ###....

Your spell library contained the following spells:

 Spells                   Type           Power        Failure   Level  Hunger
 Portal Projectile        Tloc           ##....       36%         3    ####...
 Teleport Other           Tloc           ##......     36%         3    ####...
 Passage of Golubria      Tloc           N/A          98%         5    ######.


Dungeon Overview and Level Annotations

Branches:
Dungeon (3/12)

Altars:


Innate Abilities, Weirdness & Mutations

You have extremely sharp teeth.
Your natural rate of healing is unusually fast.
Potions cannot restore your health.
You are immune to rotting.
Your bites deal extra damage.


Message History

The orc barely misses you.
You hit the orc. You bite the orc.
The orc is almost dead.
An orc wizard appears from thin air!
Reactivating autopickup.
The orc wizard barely misses you. The orc barely misses you.
You barely miss the orc.
The orc is almost dead.
The orc wizard barely misses you. The orc closely misses you.
You bump into the rock wall.
The orc wizard closely misses you. The orc hits you but does no damage.
You closely miss the orc.
The orc is almost dead.
The orc wizard gestures at you while chanting.
The magic dart hits you.
* * * LOW HITPOINT WARNING * * *
The orc barely misses you.
You bump into the rock wall.
The orc wizard hits you with a +0 dagger.
You die...

.....รท..............'.........+..
...##.########...####.........#.#
#.###.# #.........##.......##.#
### #.# #.###.###.###.....###.#
#.# #.# #.# #.# ##...## #.#
#####.# #.###.# #.# ##+## #.#
......# #.....# #[# #.### #.#
####### #..######.#####...###.. #
#..# #@o......#........ #
#..###o##.###.....##### #
#.................# #
##..(.....###....## # #####.####
#.#.## #.# #.#.# #.######.#.#
#........#.# ##########.#


You could see an orc wizard and an orc.

Vanquished Creatures
  3 gnolls (D:2)
  An adder (D:3)
  A worm (D:1)
  A dart slug (D:2)
  An orc (D:3)
  2 giant cockroaches
  8 hobgoblins
  2 jackals
  A quokka (D:2)
  4 ball pythons
  5 bats
  4 frilled lizards
  A goblin (D:1)
  6 kobolds
  4 rats
44 creatures vanquished.

Notes
Turn   | Place    | Note
-------+----------+-------------------------------------------
     0 | D:1      | BeastOfSaturn the Vine Stalker Warper began the quest for
                  | the Orb.
     0 | D:1      | Reached XP level 1. HP: 12/12 MP: 3/3
   207 | D:1      | Reached XP level 2. HP: 17/17 MP: 4/4
   683 | D:1      | Reached skill level 1 in Stealth
   977 | D:2      | Reached XP level 3. HP: 21/21 MP: 5/5
  1183 | D:2      | Reached XP level 4. HP: 26/26 MP: 6/6
  1386 | D:2      | Reached skill level 1 in Short Blades
  1684 | D:2      | Learned a level 2 spell: Blink
  1968 | D:2      | Slain by an orc wizard

Skill      XL: |  1  2  3  4 |
---------------+-------------+-----
Fighting       | 2 |  2.0
Stealth        | 1 |  1.9
Throwing       | 2 |  2.3
Short Blades   | 1 |  1.1
Armour         | |  0.7
Dodging        | |  2.3
Spellcasting   | |  1.1
Translocations | |  3.7

Action                   |  1- 3 |  4- 6 || total
-------------------------+-------+-------++-------
Melee: Short sword       |    59 |    66 ||   125
       Dagger            |     8 |       ||     8
       Bite              |     8 |     4 ||    12
Throw: Javelin           |    30 |    22 ||    52
 Stab: Sleeping          |       |     2 ||     2
  Eat: Chunk             |       |     2 ||     2
       Ration            |       |     1 ||     1
Armor: Ring mail         |    47 |    33 ||    80
Dodge: Dodged            |    46 |    51 ||    97
